 Dungeon Crawl Stone Soup version 0.31-a0-246-g8cbcc1cb85 (webtiles) character file.

Game seed: 7317789179757972680

86 qw the Shooter (level 4, 0/36 HPs)
             Began as a Minotaur Hexslinger on July 12, 2023.
             Slain by an orc
             ... wielding a +0 mace
              (3 damage)
             ... on level 3 of the Dungeon.
             The game lasted 00:00:47 (2221 turns).

qw the Shooter (Minotaur Hexslinger)                Turns: 2221, Time: 00:00:48

Health: 0/36       AC:  5    Str: 12    XL:     4   Next: 27%
Magic:  4/4        EV: 11    Int: 10    God:
Gold:   119        SH:  0    Dex: 15    Spells: 4/5 levels left

rFire   . . .        Y - +1 sling
rCold   . . .        (no shield)
rNeg    . . .        e - +0 ring mail
rPois   .            (helmet restricted)
rElec   .            (no cloak)
rCorr   .            (no gloves)
SInv    +            (no boots)
Will    .....        (no amulet)
Stlth   +            b - ring of see invisible
HPRegen 0.26/turn    (no ring)
MPRegen 0.09/turn

%: no passive effects
@: lethally poisoned (0 -> -4), about to teleport
A: horns 2, retaliatory headbutt
a: no special abilities


You were on level 3 of the Dungeon.
You visited 1 branch of the dungeon, and saw 3 of its levels.

You collected 119 gold pieces.


Innate Abilities, Weirdness & Mutations

You have a pair of horns on your head.
You reflexively headbutt those who attack you in melee.


   Skills:
 - Level 2.0 Fighting
 + Level 4.5 Ranged Weapons
 - Level 1.4 Armour
 - Level 2.1 Dodging
 - Level 1.0 Spellcasting
 - Level 2.0 Hexes


You had 4 spell levels left.
You knew the following spells:

 Your Spells              Type           Power      Damage    Failure   Level
a - Slow                  Hex            16%        N/A       32%         1

Your spell library contained the following spells:

 Spells                   Type           Power      Damage    Failure   Level
 Inner Flame              Hex/Fire       2%         N/A       83%         3
 Portal Projectile        Hex/Tloc       4%         N/A       83%         3
 Cause Fear               Hex            2%         N/A       97%         4

Inventory:

Hand Weapons
 Y - a +1 sling (weapon)
Armour
 e - a +0 ring mail (worn)
Jewellery
 b - a ring of see invisible (left hand)
 c - a +4 ring of protection
Scrolls
 a - 3 scrolls of teleportation
 k - a scroll of revelation {unknown}
Potions
 d - 2 potions of curing
 f - a potion of ambrosia {unknown}
 g - a potion of enlightenment {unknown}
 h - 2 potions of berserk rage {unknown}
 i - a potion of haste {unknown}
 j - a potion of magic {unknown}

Dungeon Overview and Level Annotations

Branches:
Dungeon (3/15)

Altars:
Dithmenos


Message History

You shoot a sling bullet. The sling bullet hits the orc.
The orc is heavily wounded.
The orc closely misses you. The orc hits you with a +0 flail.
The orc wizard hits you with a +0 dagger.
You shoot a sling bullet. The sling bullet hits the orc.
The orc is heavily wounded.
The orc hits you with a +0 flail.
The orc wizard hits you but does no damage.
You shoot a sling bullet.
The sling bullet closely misses the orc.
The orc hits you with a +0 flail.
The orc wizard hits you but does no damage.
You shoot a sling bullet. The sling bullet hits the orc.
You kill the orc!
The orc wizard hits you with a +0 dagger.
You shoot a sling bullet. The sling bullet hits the orc wizard!
The orc wizard is heavily wounded.
The orc wizard hits you but does no damage.
You shoot a sling bullet. The sling bullet hits the orc wizard.
The orc wizard is severely wounded.
The orc wizard hits you but does no damage.
The orc closely misses you.
You shoot a sling bullet.
The sling bullet barely misses the orc wizard.
The orc wizard hits you but does no damage.
The orc hits you with a +2 dagger of venom.
You are poisoned.
The orc closely misses you. You furiously retaliate!
You headbutt the orc!
You kill the orc!
The orc wizard casts a spell at you. The magic dart hits you.
2220 ||| READING 4 scrolls of teleportation.
As you read the scroll of teleportation, it crumbles to dust.
You feel strangely unstable.
You feel sick.
The orc wizard hits you with a +0 dagger.
You shoot a sling bullet.
The sling bullet barely misses the orc wizard.
You feel sick. The orc hits you with a +0 mace.
You die...

####### .....># ##
#####.# .. #.# .#
#####.# .# ....#.#
o#
###.#'###########o#
#...............@o#
#......############
#......# #......#
.......# #####.##
#.# #.###### ##
#......##


You could see an orc wizard (invisible) and 2 orcs.

Vanquished Creatures
  2 adders (D:2)
  2 dart slugs (D:3)
  5 orcs (D:3)
  7 bats
  3 endoplasms (D:1)
  4 goblins
  7 hobgoblins
  2 quokkas
  2 ball pythons (D:1)
  3 frilled lizards
  11 kobolds
  10 rats
58 creatures vanquished.

Notes
Turn   | Place    | Note
-------+----------+-------------------------------------------
     0 | D:1      | qw the Minotaur Hexslinger began the quest for the Orb.
     0 | D:1      | Reached XP level 1. HP: 16/16 MP: 1/1
     0 | D:1      | 0 ||| qw: Version: 0.3-a-52-g30416fa
     0 | D:1      | 0 ||| qw: Game counter: 6347
     0 | D:1      | 0 ||| qw: Melee chars always use a shield: true
     0 | D:1      | 0 ||| qw: God list: Okawaru
     0 | D:1      | 0 ||| qw: Allow faded altars: false
     0 | D:1      | 0 ||| qw: Do Orc after clearing Dungeon:15 true
     0 | D:1      | 0 ||| qw: Do second Lair branch before Depths: true
     0 | D:1      | 0 ||| qw: Lair rune preference: random
     0 | D:1      | 0 ||| qw: Goals: Normal
     0 | D:1      | 0 ||| PLANNING D:1-11
   163 | D:1      | Reached skill level 3 in Ranged Weapons
   167 | D:1      | Reached XP level 2. HP: 23/23 MP: 2/2
   456 | D:1      | Reached XP level 3. HP: 29/29 MP: 3/3
   897 | D:1      | 897 ||| UPGRADING to +0 ring mail.
   907 | D:1      | 907 ||| DROPPING +0 robe.
   908 | D:1      | 908 ||| READING scroll labelled UXTICR ESMAI.
   909 | D:1      | 909 ||| READING scroll labelled DEKHYN CUPNIT.
   912 | D:1      | 912 ||| READING scroll labelled WAEW VABOAWNAT.
   913 | D:1      | 913 ||| DROPPING scroll of poison.
  1179 | D:2      | Reached skill level 4 in Ranged Weapons
  1486 | D:2      | Reached skill level 1 in Armour
  1697 | D:2      | 1697 ||| UPGRADING to ring of see invisible.
  1698 | D:2      | 1698 ||| READING scroll labelled WYAHIO XAOGE.
  1699 | D:2      | 1699 ||| DRINKING 3 viscous blue potions.
  1793 | D:3      | Found a shadowy altar of Dithmenos.
  1855 | D:3      | 1855 ||| FLEEEEING.
  1856 | D:3      | 1856 ||| FLEEEEING.
  1925 | D:3      | Reached XP level 4. HP: 36/36 MP: 4/4
  2219 | D:3      | HP: 8/36 [orc wizard/magic dart (6)]
  2220 | D:3      | 2220 ||| READING 4 scrolls of teleportation.
  2221 | D:3      | HP: 3/36 [poisoned by an orc]
  2221 | D:3      | Slain by an orc

Levels and vault maps discovered:
D:1:      lightli_arrival_windingriver, layout_loops_ring,
          lexackson_kobold_supper
D:2:      layout_loops_ring, minmay_tall_x
D:3:      layout_basic, grunt_dithmenos_smoke_and_mirrors, serial_corexii_hall,
          corexii_hall_statues_i, corexii_hall_statues_deadend,
          serial_park_tiny_pond, guppyfry_early_orc_mine

Skill      XL: |  1  2  3 |
---------------+----------+-----
Ranged Weapons | 3 4 |  4.5
Fighting       | 2 |  2.0
Armour         | 1 |  1.4
Dodging        | |  2.1
Spellcasting   | |  1.0
Hexes          | |  2.0

Action                     |  1- 3 |  4- 6 || total
---------------------------+-------+-------++-------
   Fire: Sling             |   152 |    37 ||   189
    Use: Scroll            |     4 |     1 ||     5
         Potion            |     1 |       ||     1
 Armour: Robe              |     8 |       ||     8
         Ring mail         |    19 |    14 ||    33
  Dodge: Dodged            |    47 |    15 ||    62

Table legend:
 A = Non-vault XP
 B = Vault XP
 C = Vault XP percentage of total XP
 D = Non-vault monster count
 E = Vault monster count
 F = Vault count percentage of total count
                 A         B        C        D         E       F
            +---------+---------+-------+---------+---------+-------
      Total |      82 |      42 |  33.9 |      39 |      19 |  32.8
            +---------+---------+-------+---------+---------+-------
        D:1 |      35 |      10 |  22.2 |      22 |       8 |  26.7
        D:2 |      27 |      17 |  38.6 |       9 |       4 |  30.8
        D:3 |      20 |      15 |  42.9 |       8 |       7 |  46.7
            +---------+---------+-------+---------+---------+-------
